[Event "Team 45 45 League T36"]
[Site "Internet Chess Club"]
[Date "2008.02.18"]
[Round "4"]
[White "strudel"]
[Black "dondel"]
[Result "1-0"]
[WhiteElo "1454"]
[BlackElo "1465"]
[Opening "French: Tarrasch, open, 4.ed ed"]
[ECO "C08"]
[Time "15:04:22"]
[TimeControl "2700+45"]

1. e4 e6 2. d4 d5 3. Nd2 c5 4. exd5 exd5 5. Bb5+ Nc6 6. Ngf3 Qe7+ 7. Qe2 Qxe2+
8. Kxe2 Bf5 9. Bxc6+ bxc6 10. c3 O-O-O 11. Re1 Re8+ 12. Kd1 Rxe1+ 13. Kxe1 Nf6
14. Ne5 Bd6 15. f3 Re8 16. Kf2 Bxe5 17. dxe5 Rxe5 18. Nb3 c4 19. Nd4 Bd7 20. Bf4
Re8 21. b4 Kd8 22. Bg5 Re7 23. a4 Ke8 24. a5 a6 25. Bxf6 gxf6 26. Re1 Rxe1 27.
Kxe1 Ke7 28. f4 Kd6 29. Kd2 c5 30. Nc2 h6 31. h3 Ba4 32. Ne3 cxb4 33. cxb4 Bd7
34. Kc3 h5 35. Kd4 Bc6 36. h4 Ke6 37. f5+ Kd6 38. g4 hxg4 39. Nxg4 Bd7 40. Ne3
c3 41. Kxc3 Ke5 42. Kd2 Ke4 43. h5 Bc8 44. h6 Bxf5 45. Nxf5 Kxf5 46. h7 {Black
resigns} 1-0

[Event "Team 45 45 League T36"]
[Site "Internet Chess Club"]
[Date "2008.02.15"]
[Round "4"]
[White "Skyler"]
[Black "betto2506"]
[Result "1-0"]
[WhiteElo "1142"]
[BlackElo "1289"]
[Opening "Queen's pawn: London system"]
[ECO "A45"]
[Time "21:04:59"]
[TimeControl "2700+45"]

1. d4 Nf6 2. Bf4 d5 3. e3 e6 4. c3 Be7 5. Bd3 Ne4 6. Nf3 Nd7 7. Nbd2 Nxd2 8.
Nxd2 Nf6 9. Bg5 Ne4 10. Bxe7 Qxe7 11. Nxe4 dxe4 12. Bxe4 c6 13. Qf3 Bd7 14.
O-O-O a5 15. h4 a4 16. h5 h6 17. Bc2 a3 18. b3 Ra5 19. Be4 O-O 20. Bb1 e5 21.
Qe4 f5 22. Qd3 e4 23. Qc4+ Be6 24. Qe2 Qg5 25. Rdg1 b6 26. f3 exf3 27. gxf3 Qf6
28. f4 Bd5 29. Rh3 Be4 30. Rhg3 Rf7 31. Rg6 Qe7 32. Bxe4 Qxe4 33. Rxh6 Raa7 34.
Rhg6 c5 35. Kd1 cxd4 36. exd4 Qb1+ 37. Kd2 Qb2+ 38. Kd3 Qxe2+ 39. Kxe2 Rfe7+ 40.
Kd3 Re4 41. h6 Rae7 42. Rxg7+ Rxg7 43. Rxg7+ Kh8 44. d5 Rxf4 45. d6 Rf3+ 46. Kc4
Rf1 47. d7 Rd1 48. Kb5 f4 49. Kc6 f3 50. Kc7 f2 51. Rf7 Rd2 52. d8=Q+ Rxd8 53.
Kxd8 b5 54. Rxf2 Kh7 55. Rh2 Kg8 56. c4 bxc4 57. bxc4 Kh7 58. c5 Kg8 59. h7+ Kh8
60. c6 Kg7 61. h8=Q+ Kf7 62. Qe8+ Kf6 63. Rf2+ Kg7 64. Qf7+ {Black resigns} 1-0

[Event "Team 45 45 League T36"]
[Site "Internet Chess Club"]
[Date "2008.02.15"]
[Round "4"]
[White "N20863"]
[Black "Duck-Man"]
[Result "1-0"]
[WhiteElo "1307"]
[BlackElo "1258"]
[Opening "Ruy Lopez: closed Berlin defense, Bernstein variation"]
[ECO "C62"]
[Time "13:01:22"]
[TimeControl "2700+45"]

1. e4 e5 2. Nf3 Nc6 3. Bb5 d6 4. Nc3 Nf6 5. d4 Bd7 6. Bg5 Be7 7. O-O O-O 8. Bxf6
Bxf6 9. d5 Nd4 10. Bxd7 Qxd7 11. Qd3 a6 12. Ne2 Nxe2+ 13. Qxe2 Rfe8 14. Qe3 Qg4
15. h3 Qf4 16. Qc3 Qxe4 17. Qxc7 Qxd5 18. Rad1 Qxa2 19. Rxd6 Rad8 20. Rxd8 Bxd8
21. Qd7 Qe6 22. Qxb7 e4 23. Nd4 Qb6 24. Qd7 Kf8 25. Nc6 Bf6 26. Qd6+ Be7 27. Qd5
e3 28. Ne5 Qe6 29. Qxe6 fxe6 30. fxe3+ Kg8 31. Rc1 Rc8 32. Kf2 Bh4+ 33. Ke2 Rf8
34. Nd3 Bf6 35. b3 e5 36. Nc5 Ra8 37. Nd7 a5 38. c4 Kf7 39. c5 Bd8 40. Nxe5+ Ke6
41. Nd3 Bc7 42. Ra1 Kd5 43. b4 a4 44. b5 Be5 45. Nxe5 Kxe5 46. Kd3 Kd5 47. e4+
Ke5 48. Ra2 Rd8+ 49. Kc4 Rd4+ 50. Kc3 Kxe4 51. c6 Kd5 52. c7 Rc4+ 53. Kd3 Rxc7
54. Rxa4 Rc5 55. Rb4 Rc8 56. b6 Rb8 57. Rb5+ Kc6 58. Kc4 Kb7 59. Kc5 Ka6 60. Rb2
Rc8+ 61. Kd6 Rb8 62. Ra2+ Kxb6 63. Rb2+ Ka7 64. Rxb8 Kxb8 65. Ke7 Kc8 66. Kf7
Kd7 67. Kxg7 Ke6 68. Kxh7 Kf5 69. Kg7 Kg5 70. g3 Kh5 71. Kf6 Kh6 72. g4 Kh7 73.
g5 Kg8 74. Kg6 Kh8 75. Kf7 Kh7 76. g6+ Kh8 77. g7+ Kh7 78. g8=Q+ {Black resigns}
1-0

[Event "Team 45 45 League T36"]
[Site "Internet Chess Club"]
[Date "2008.02.18"]
[Round "4"]
[White "DannyZil"]
[Black "kjs110"]
[Result "0-1"]
[WhiteElo "1162"]
[BlackElo "953"]
[Opening "Pirc: Holmov system"]
[ECO "B07"]
[Time "00:57:36"]
[TimeControl "2700+45"]

1. e4 d6 2. d4 Nf6 3. Nc3 g6 4. Bc4 Bg7 5. Nf3 O-O 6. O-O Nc6 7. Bf4 Re8 8. Re1
e5 9. dxe5 dxe5 10. Qxd8 Nxd8 11. Nxe5 Nd7 12. Nxd7 Bxd7 13. Bxc7 Rc8 14. Bxd8
Rexd8 15. Bb3 Bxc3 16. bxc3 Rxc3 17. Rad1 Rc7 18. f3 Re8 19. Kf2 Be6 20. Bxe6
fxe6 21. Kg3 Rxc2 22. Ra1 Rd8 23. Kf4 Rxg2 24. Rab1 b6 25. Ke5 Kf7 26. f4 Re8
27. Rf1 Rxh2 28. f5 exf5+ 29. Kf4 Rxe4+ 30. Kg5 Rg4# {White checkmated} 0-1

[Event "Team 45 45 League T36"]
[Site "Internet Chess Club"]
[Date "2008.02.17"]
[Round "4"]
[White "fuzzface"]
[Black "curtintime"]
[Result "1-0"]
[WhiteElo "1283"]
[BlackElo "1380"]
[Opening "Queen's pawn game"]
[ECO "D00"]
[Time "10:04:32"]
[TimeControl "2700+45"]

1. d4 d5 2. g3 Bf5 3. Bg2 Nf6 4. Bg5 e6 5. e3 Nc6 6. Ne2 Be7 7. a3 h6 8. Bxf6
Bxf6 9. O-O O-O 10. c3 Qd7 11. Nd2 e5 12. e4 dxe4 13. Nxe4 Be7 14. Nc5 Bxc5 15.
dxc5 Qe6 16. Qd5 Rfd8 17. Qxe6 Bxe6 18. Rad1 Bc4 19. Rxd8+ Rxd8 20. Re1 Bd5 21.
Rd1 Bxg2 22. Rxd8+ Nxd8 23. Kxg2 Kf8 24. f4 e4 25. Kf2 Ke7 26. Ke3 f5 27. Nd4 g6
28. Nb5 a6 29. Nxc7 Kd7 30. Na8 Kc6 31. b4 Kb5 32. Nb6 Ne6 33. c4+ Kc6 34. Nd5
Kd7 35. Nb6+ Kc6 36. a4 g5 37. Nd5 Kd7 38. a5 Nc7 39. Nc3 Kc6 40. h3 gxf4+ 41.
gxf4 Ne6 42. Nd5 Kd7 43. Nc3 Kc6 44. Nd5 Kd7 45. Nb6+ Kc6 46. h4 Ng7 47. Nd5 Kd7
48. b5 Ne6 49. bxa6 bxa6 50. c6+ Kd6 51. Nb4 Nc7 52. Kd4 Ne6+ 53. Ke3 Nc7 54.
Kd4 Ne6+ 55. Ke3 Nc7 56. h5 Kc5 57. Nd5 Ne6 58. c7 Nxc7 59. Nxc7 Kxc4 60. Nxa6
Kb5 61. Nc7+ Kxa5 62. Nd5 Kb5 63. Ne7 Kc5 64. Nxf5 Kd5 65. Nxh6 Ke6 66. Ng4 Kf5
67. h6 Kg6 68. Kxe4 Kh7 69. Kf5 Kg8 70. Kg6 Kh8 71. Ne5 Kg8 72. f5 Kh8 73. f6
Kg8 74. f7+ Kf8 75. h7 Ke7 76. h8=Q Kd6 77. Qf6+ Kc5 78. f8=Q+ Kb5 79. Qc8 Kb4
80. Qb6+ Ka3 81. Qa8# {Black checkmated} 1-0

[Event "Team 45 45 League T36"]
[Site "Internet Chess Club"]
[Date "2008.02.14"]
[Round "4"]
[White "Prop"]
[Black "jschneigi"]
[Result "1-0"]
[WhiteElo "1288"]
[BlackElo "1285"]
[Opening "King's pawn opening"]
[ECO "B07"]
[Time "22:08:57"]
[TimeControl "2700+45"]

1. e4 d6 2. Bc4 Nf6 3. Nc3 g6 4. d3 a6 5. Nf3 Bg4 6. O-O Bg7 7. Nd5 e6 8. Ne3
Bxf3 9. Qxf3 O-O 10. e5 dxe5 11. Qxb7 Nbd7 12. Qc6 Nb6 13. Bd2 Nxc4 14. Nxc4 Nd5
15. Rfe1 Qe8 16. Qxe8 Rfxe8 17. Nxe5 Bxe5 18. Rxe5 Rab8 19. b3 f6 20. Re2 g5 21.
c4 Nb6 22. Rae1 Kf7 23. f4 Nd7 24. fxg5 Ne5 25. d4 Nd3 26. Rf1 Kg6 27. Rxf6+ Kg7
28. Rexe6 Rxe6 29. Rxe6 c5 30. Rxa6 Rf8 31. Bc3 Rf2 32. dxc5+ Kf7 33. Rf6+ Rxf6
34. gxf6 Nxc5 35. b4 Ne4 36. Bd4 Nxf6 37. Bxf6 Kxf6 38. b5 Ke7 39. c5 Kd7 40. a4
Kc7 41. a5 Kb7 42. Kf2 h5 43. Ke3 h4 44. Ke4 h3 45. gxh3 Ka7 46. h4 Kb7 47. Ke5
Kc7 48. Ke6 Kb7 49. Ke7 Kc8 50. h5 Kb7 51. h6 Ka7 52. h7 Ka8 53. h8=Q+ Ka7 54.
Qg7 Kb7 55. h3 Kc7 56. h4 Kc8 57. h5 Kc7 58. h6 Kc8 59. h7 Kb8 60. h8=Q+ Kc7 61.
Ke6# {Black checkmated} 1-0

[Event "Team 45 45 League T36"]
[Site "Internet Chess Club"]
[Date "2008.02.17"]
[Round "4"]
[White "klt713"]
[Black "ckak0202"]
[Result "1-0"]
[WhiteElo "1187"]
[BlackElo "1268"]
[Opening "English: four knights, kingside fianchetto"]
[ECO "A29"]
[Time "09:11:33"]
[TimeControl "2700+45"]

1. c4 e5 2. Nc3 Nf6 3. Nf3 Nc6 4. g3 d5 5. Nxd5 Nxd5 6. cxd5 Qxd5 7. e4 Qxe4+ 8.
Be2 Bh3 9. d3 Qb4+ 10. Qd2 O-O-O 11. Ng5 Be6 12. Nxe6 fxe6 13. O-O Qd4 14. Qe3
Bc5 15. Rb1 Nb4 16. Qxd4 Rxd4 17. Be3 Rd5 18. Bxc5 Rxc5 19. a3 Nc6 20. b4 Rc2
21. Bg4 Nd4 22. Rbe1 Ra2 23. Rxe5 Rxa3 24. Bxe6+ Nxe6 25. Rfe1 Nd4 26. R1e3 Nc2
27. Rf3 Nxb4 28. Re7 Rxd3 29. Rff7 Rd1+ 30. Kg2 g6 31. Rxc7+ Kd8 32. Rxb7 Nc6
33. Kf3 Re8 34. Rxh7 Re7 35. Rh8+ Re8 36. Rh6 Rd3+ 37. Kg2 Re7 38. Rh8+ Re8 39.
Rg7 Rd7 40. Rxe8+ Kxe8 41. Rxg6 Ne5 42. Re6+ Re7 43. Rxe7+ Kxe7 44. f4 Ng4 45.
h3 Nh2 46. Kf2 Kd6 47. Ke2 Kc5 48. Kd2 Kb4 49. Kc2 a5 50. Kb2 a4 51. f5 a3+ 52.
Ka2 Nf3 53. f6 Ne5 54. g4 Nf7 55. h4 Ne5 56. g5 Nd3 57. f7 Nc1+ 58. Kb1 Kb3 59.
f8=Q Na2 60. Qf7+ {Black resigns} 1-0

[Event "Team 45 45 League T36"]
[Site "Internet Chess Club"]
[Date "2008.02.17"]
[Round "4"]
[White "JustinZ"]
[Black "ffplayer"]
[Result "0-1"]
[WhiteElo "1254"]
[BlackElo "1117"]
[Opening "King's pawn opening"]
[ECO "B07"]
[Time "13:50:04"]
[TimeControl "2700+45"]

1. e4 d6 2. d4 Nd7 3. Bc4 e5 4. dxe5 Nxe5 5. Bb3 Nf6 6. Nf3 Bg4 7. Nbd2 Nxf3+ 8.
Nxf3 Be7 9. O-O Nxe4 10. Re1 Nf6 11. Bg5 O-O 12. Bxf6 Bxf6 13. c3 a6 14. Re4 Bh5
15. Bc2 Bg6 16. Rg4 Bxc2 17. Qxc2 Re8 18. Rg3 Be5 19. Rh3 g6 20. Nxe5 Rxe5 21.
Qd2 Qg5 22. Qxg5 Rxg5 23. Re3 Kf8 24. Rae1 Rf5 25. Re7 Rc8 26. g4 Rf4 27. h3 Rf6
28. Kg2 Re6 29. R7xe6 fxe6 30. Rxe6 Re8 31. Rxe8+ Kxe8 32. Kf3 Ke7 33. Ke4 Ke6
34. f4 d5+ 35. Kd4 b6 36. c4 c5+ 37. Kd3 b5 38. cxb5 axb5 39. b3 b4 40. h4 Kf6
41. Ke3 Ke6 42. Kd3 Kf6 43. Ke3 h5 44. gxh5 gxh5 45. Kf3 Kf5 46. Ke3 c4 47. bxc4
dxc4 48. Kd2 Kxf4 49. a4 bxa3 50. Kc2 Kg4 51. Kb1 Kxh4 52. Ka2 c3 53. Kxa3 c2
54. Kb2 Kg3 55. Kxc2 Kg2 56. Kd1 h4 57. Ke2 h3 58. Ke3 h2 59. Kd4 h1=Q 60. Ke4
Qf1 61. Kd4 Qe2 62. Kc3 Qd1 63. Kc4 Qd2 64. Kc5 Qd3 65. Kc6 Qd4 66. Kc7 Qd5 67.
Kb6 Qc4 68. Kb7 Qc5 69. Kb8 Qc6 70. Ka7 Qb5 71. Ka8 Kf3 72. Ka7 Ke4 73. Ka8 Kd5
74. Ka7 Kd6 75. Ka8 Kc7 76. Ka7 Qb7# {White checkmated} 0-1

[Event "Team 45 45 League T36"]
[Site "Internet Chess Club"]
[Date "2008.02.15"]
[Round "4"]
[White "Warpdrive"]
[Black "Avedldesierto"]
[Result "1-0"]
[WhiteElo "1634"]
[BlackElo "1899"]
[Opening "Ruy Lopez: closed, 8.c3"]
[ECO "C89"]
[Time "12:58:17"]
[TimeControl "2700+45"]

1. e4 e5 2. Nf3 Nc6 3. Bb5 a6 4. Ba4 Nf6 5. O-O b5 6. Bb3 Be7 7. Re1 O-O 8. c3
Na5 9. Bc2 d6 10. d4 Bg4 11. dxe5 Bxf3 12. Qxf3 dxe5 13. Rd1 Qc8 14. b3 Nb7 15.
Bg5 Nc5 16. Nd2 h6 17. Bh4 Qe6 18. b4 Nb7 19. Bb3 Qb6 20. a3 c5 21. Bxf6 Bxf6
22. Bd5 c4 23. Nf1 Rad8 24. a4 Nd6 25. a5 Qc7 26. Ng3 Qe7 27. Nf5 Nxf5 28. Qxf5
g6 29. Qxg6+ Bg7 30. Qxa6 Rb8 31. Qg6 Rbd8 32. Qg3 Kh7 33. Qe3 Rd6 34. a6 Bf6
35. a7 Rxd5 36. Rxd5 Bg5 37. Qc5 Qxc5 38. Rxc5 Ra8 39. Rxb5 Bd2 40. Rb8 {Black
resigns} 1-0

[Event "Team 45 45 League T36"]
[Site "Internet Chess Club"]
[Date "2008.02.17"]
[Round "4"]
[White "Juan73"]
[Black "Ernie1"]
[Result "1/2-1/2"]
[WhiteElo "1686"]
[BlackElo "1652"]
[Opening "Caro-Kann: exchange variation"]
[ECO "B13"]
[Time "20:08:20"]
[TimeControl "2700+45"]

1. e4 c6 2. d4 d5 3. exd5 cxd5 4. Nc3 Nf6 5. Bf4 g6 6. Bb5+ Bd7 7. Qe2 a6 8. Ba4
Bxa4 9. Nxa4 Qa5+ 10. Nc3 Ne4 11. Qd3 Nc6 12. Ne2 Bg7 13. O-O f5 14. Rfe1 O-O
15. Be5 Nxe5 16. dxe5 e6 17. Nf4 Qb6 18. Nxe4 fxe4 19. Qe3 Qxe3 20. fxe3 Rae8
21. Rac1 Bxe5 22. g3 Bxb2 23. Rb1 Bc3 24. Re2 b5 25. Rb3 b4 26. a3 a5 27. axb4
axb4 28. Nh3 Ra8 29. Rb1 Ra1 30. Rxa1 Bxa1 31. Ng5 Rf6 32. Rf2 Rxf2 33. Kxf2 e5
34. Ne6 Kf7 35. Ng5+ Kg7 36. Ne6+ Kf6 37. Nc7 d4 38. Nd5+ Ke6 39. Nxb4 Bc3 40.
Na6 Kd6 41. Ke2 Kc6 42. Nb8+ Kc7 43. Na6+ Kc6 44. Nb8+ Kc7 45. Na6+ Kc6 46. Nb8+
{Game drawn by repetition} 1/2-1/2

[Event "Team 45 45 League T36"]
[Site "Internet Chess Club"]
[Date "2008.02.15"]
[Round "4"]
[White "NESKAYA"]
[Black "budugu"]
[Result "1-0"]
[WhiteElo "1617"]
[BlackElo "1498"]
[Opening "Hungarian defense"]
[ECO "C50"]
[Time "10:38:45"]
[TimeControl "2700+45"]

1. e4 e5 2. Nf3 Nc6 3. Bc4 Be7 4. c3 Nf6 5. O-O d6 6. d4 exd4 7. cxd4 Nxe4 8. d5
Na5 9. Qa4+ c6 10. dxc6 Nxc6 11. Bxf7+ Kxf7 12. Qxe4 Bf6 13. Nc3 Qe7 14. Qf4 Ne5
15. Ng5+ Kg6 16. Nd5 Qd8 17. Ne4 Rf8 18. Nexf6 gxf6 19. Re1 Kf7 20. Qh6 Rg8 21.
Qh5+ Kf8 22. Bh6+ Rg7 23. Bxg7+ Kxg7 24. f4 Ng6 25. f5 Ne5 26. Rac1 Bd7 27. Re3
Qe8 28. Qh4 Qf7 29. Rg3+ Kh8 30. Rc7 Rg8 31. Qxf6+ Qxf6 32. Rxg8+ Kxg8 33. Nxf6+
{Black resigns} 1-0

[Event "Team 45 45 League T36"]
[Site "Internet Chess Club"]
[Date "2008.02.15"]
[Round "4"]
[White "Tomate"]
[Black "MarcoDeSade"]
[Result "1-0"]
[WhiteElo "1448"]
[BlackElo "1452"]
[Opening "French: Tarrasch, closed variation"]
[ECO "C05"]
[Time "19:38:01"]
[TimeControl "2700+45"]

1. e4 e6 2. d4 d5 3. Nd2 Nf6 4. e5 Nfd7 5. Bd3 Be7 6. Ngf3 c5 7. c3 Nc6 8. O-O
f6 9. Re1 cxd4 10. cxd4 fxe5 11. dxe5 O-O 12. Nb3 Qb6 13. Qc2 g6 14. Bxg6 hxg6
15. Qxg6+ Kh8 16. Re3 Ndxe5 17. Nxe5 Rf4 18. Rh3+ Rh4 19. Nf7# {Black
checkmated} 1-0

[Event "Team 45 45 League T36"]
[Site "Internet Chess Club"]
[Date "2008.02.17"]
[Round "4"]
[White "Mitch99"]
[Black "cityprosecutor"]
[Result "1-0"]
[WhiteElo "1659"]
[BlackElo "1722"]
[Opening "Sicilian: Alapin's variation (2.c3)"]
[ECO "B22"]
[Time "16:48:42"]
[TimeControl "2700+45"]

1. e4 c5 2. c3 g6 3. Bc4 Bg7 4. Nf3 d6 5. d4 cxd4 6. Qb3 e6 7. cxd4 Ne7 8. Nc3
a6 9. d5 e5 10. Be3 Nd7 11. O-O h6 12. Qb4 b5 13. Be2 Nb6 14. a4 Nc4 15. Bxc4
bxc4 16. Nd2 O-O 17. Nxc4 f5 18. Qxd6 fxe4 19. Bc5 Qxd6 20. Nxd6 Nf5 21. Ndxe4
Rd8 22. b4 Nd4 23. f3 Rb8 24. Be7 Rd7 25. Bd6 Rb6 26. Bc5 Rb8 27. Nd6 Bf8 28.
Nce4 Kg7 29. Ne8+ Kf7 30. N4d6+ Bxd6 31. Nxd6+ Kg7 32. Rae1 Nc2 33. Rxe5 Nxb4
34. Rb1 a5 35. Re8 Rc7 36. Bd4+ Kh7 37. Rh8# {Black checkmated} 1-0

[Event "Team 45 45 League T36"]
[Site "Internet Chess Club"]
[Date "2008.02.19"]
[Round "4"]
[White "mickeys"]
[Black "bjc"]
[Result "1-0"]
[WhiteElo "1728"]
[BlackElo "1377"]
[Opening "King's Indian: orthodox, 7...Nbd7"]
[ECO "E94"]
[Time "19:02:24"]
[TimeControl "2700+45"]

1. d4 Nf6 2. Nf3 g6 3. c4 Bg7 4. Nc3 d6 5. e4 O-O 6. Be2 Nbd7 7. O-O e5 8. d5
Ng4 9. h3 Nh6 10. Nd2 f5 11. f3 Nf6 12. exf5 Nxf5 13. Nde4 c6 14. dxc6 bxc6 15.
Bg5 h6 16. Nxf6+ Bxf6 17. Bxf6 Rxf6 18. Qd2 g5 19. Ne4 Re6 20. b3 Bb7 21. Bd3
Nd4 22. c5 d5 23. Nd6 Bc8 24. Rae1 Re7 25. Re3 h5 26. Rfe1 g4 27. fxg4 hxg4 28.
Rxe5 gxh3 29. Rxe7 hxg2 30. Qg5+ Kf8 31. Qg7# {Black checkmated} 1-0

[Event "Team 45 45 League T36"]
[Site "Internet Chess Club"]
[Date "2008.02.18"]
[Round "4"]
[White "mkrump"]
[Black "ChessChamp"]
[Result "0-1"]
[WhiteElo "1498"]
[BlackElo "1541"]
[Opening "Sicilian: dragon, Yugoslav attack, 7...O-O"]
[ECO "B76"]
[Time "17:00:13"]
[TimeControl "2700+45"]

1. e4 c5 2. Nf3 d6 3. d4 cxd4 4. Nxd4 Nf6 5. Nc3 g6 6. f3 Bg7 7. Be3 O-O 8. Qd2
Nc6 9. Nxc6 bxc6 10. O-O-O Be6 11. Kb1 Qc7 12. g4 Rab8 13. h4 Qa5 14. b3 Qa3 15.
Bh6 Bh8 16. Bxf8 Bxg4 17. Bg2 Bxf3 18. Bxf3 Kxf8 19. h5 gxh5 20. e5 dxe5 21.
Bxh5 e4 22. Na4 Nd5 23. Qh6+ Bg7 24. Qxc6 Nb4 25. Qxe4 Qxa2+ 26. Kc1 Bh6+ 27.
Rd2 Qa1# {White checkmated} 0-1

[Event "Team 45 45 League T36"]
[Site "Internet Chess Club"]
[Date "2008.02.24"]
[Round "4"]
[White "theartist"]
[Black "CSCARChaplain"]
[Result "0-1"]
[WhiteElo "1137"]
[BlackElo "757"]
[Opening "Queen's gambit declined"]
[ECO "D30"]
[Time "10:00:50"]
[TimeControl "2700+45"]

1. d4 d5 2. c4 e6 3. Nf3 Nc6 4. cxd5 exd5 5. Nc3 Nf6 6. Bg5 Bb4 7. Qc2 O-O 8. e3
g6 9. Bd3 Bxc3+ 10. bxc3 Nb8 11. O-O Nbd7 12. Ne5 Kg7 13. c4 Nb6 14. c5 Nbd7 15.
a4 c6 16. a5 Re8 17. f4 Qc7 18. Bxf6+ Nxf6 19. a6 Ng4 20. Rfe1 Nxe5 21. fxe5 b6
22. cxb6 Qxb6 23. Reb1 Qc7 24. Rb3 Rb8 25. Rxb8 Qxb8 26. Qxc6 Bf5 27. Qf6+ Kg8
28. Bxf5 gxf5 29. Qxf5 Qb3 30. Qf2 Re6 31. Qe2 f6 32. g4 fxe5 33. dxe5 Qc4 34.
Qxc4 dxc4 35. Rc1 Rxa6 36. Rxc4 Ra1+ 37. Kf2 Kf7 38. Rc6 Ra2+ 39. Kg3 a5 40. h3
a4 41. e6+ Ke7 42. Ra6 Re2 43. Kf4 Rf2+ 44. Ke5 Rf3 45. e4 Rxh3 46. Rxa4 Rg3 47.
Ra7+ Kf8 48. Rf7+ Ke8 49. Rg7 h5 50. g5 h4 51. g6 h3 52. Rh7 Rxg6 53. Rh6 Rxh6
54. Kf5 h2 {White resigns} 0-1

[Event "Team 45 45 League T36"]
[Site "Internet Chess Club"]
[Date "2008.02.18"]
[Round "4"]
[White "vollmerj"]
[Black "az2112"]
[Result "1/2-1/2"]
[WhiteElo "1642"]
[BlackElo "1693"]
[Opening "KGA: Rosentreter gambit"]
[ECO "C37"]
[Time "21:37:40"]
[TimeControl "2700+45"]

1. e4 e5 2. f4 exf4 3. Nf3 g5 4. d4 d6 5. Bc4 Bg7 6. O-O Bg4 7. Nc3 Nc6 8. Ne2
h6 9. c3 Qe7 10. Bb5 Bd7 11. d5 Ne5 12. Bxd7+ Nxd7 13. Ned4 O-O-O 14. Qa4 a6 15.
Nc6 bxc6 16. Qxa6+ Kb8 17. dxc6 Nc5 18. Qb5+ Ka7 19. b4 Rb8 20. Qa5+ Na6 21. b5
Rb6 22. bxa6 Rxa6 23. Qd5 Nf6 24. Qd4+ Rb6 25. Rb1 Qxe4 26. Rxb6 Qxd4+ 27. cxd4
Kxb6 28. Bb2 Nd5 29. Rc1 Nb4 30. Bc3 Nxa2 31. Rb1+ Kxc6 32. d5+ Kxd5 33. Bxg7
Re8 34. Bxh6 Nc3 35. Rb2 f6 36. Rd2+ Kc4 37. Bg7 {Game drawn by mutual
agreement} 1/2-1/2

[Event "Team 45 45 League T36"]
[Site "Internet Chess Club"]
[Date "2008.02.16"]
[Round "4"]
[White "Chess2Play"]
[Black "shakkiipe"]
[Result "0-1"]
[WhiteElo "1607"]
[BlackElo "1703"]
[Opening "King's Indian: 5.Nf3"]
[ECO "E90"]
[Time "07:01:11"]
[TimeControl "2700+45"]

1. d4 d6 2. c4 Nf6 3. Nc3 g6 4. e4 Bg7 5. Nf3 c5 6. d5 Nbd7 7. Bd3 O-O 8. O-O
Ng4 9. Bg5 Nge5 10. Be2 Nxf3+ 11. Bxf3 Ne5 12. Be2 f5 13. Qd2 a6 14. Bh6 Bxh6
15. Qxh6 f4 16. Qg5 f3 17. gxf3 Nxf3+ 18. Bxf3 Rxf3 19. Ne2 Qf8 20. Qh4 h6 21.
Ng3 Rf4 22. Qxf4 Qxf4 23. Kg2 h5 24. Rae1 h4 25. Re3 hxg3 26. Rxg3 Qxe4+ 27. f3
Qxc4 28. Rxg6+ Kh7 29. Rg3 Qxa2 30. h4 Qxb2+ 31. Rf2 Qf6 32. h5 Bf5 33. h6 Rg8
34. Rxg8 Kxg8 35. Kf1 Qxh6 36. Rg2+ Kf7 {White resigns} 0-1

[Event "Team 45 45 League T36"]
[Site "Internet Chess Club"]
[Date "2008.02.16"]
[Round "4"]
[White "Toalla"]
[Black "alexthegr8"]
[Result "1-0"]
[WhiteElo "1199"]
[BlackElo "1429"]
[Opening "Pirc defense"]
[ECO "B07"]
[Time "10:03:45"]
[TimeControl "2700+45"]

1. e4 d6 2. d4 Nf6 3. Nc3 g6 4. Be3 Bg7 5. Nf3 Bg4 6. Rg1 O-O 7. h3 Bxf3 8. gxf3
Nbd7 9. h4 c5 10. f4 e6 11. Bg2 Rb8 12. e5 dxe5 13. fxe5 Nh5 14. Bf3 cxd4 15.
Bxd4 b6 16. Bxh5 gxh5 17. Qxh5 Kh8 18. O-O-O Qe7 19. f4 Rg8 20. Ne4 Rbc8 21. Ng5
h6 22. Nxf7+ Kh7 23. Qg6# {Black checkmated} 1-0

[Event "Team 45 45 League T36"]
[Site "Internet Chess Club"]
[Date "2008.02.15"]
[Round "4"]
[White "gagdad"]
[Black "nursey"]
[Result "0-1"]
[WhiteElo "1663"]
[BlackElo "1695"]
[Opening "Giuoco Piano"]
[ECO "C54"]
[Time "18:20:39"]
[TimeControl "2700+45"]

1. e4 e5 2. Nf3 Nc6 3. Bc4 Bc5 4. c3 Nf6 5. d3 O-O 6. Bg5 d6 7. h3 Be6 8. Bb3
Bxb3 9. Qxb3 Na5 10. Qd1 Nc6 11. d4 exd4 12. cxd4 Bb4+ 13. Nbd2 Bxd2+ 14. Qxd2
Nxe4 15. Qf4 Nxg5 16. Nxg5 Nxd4 17. Qxd4 Qxg5 18. O-O Rfe8 19. Rac1 Re7 20. Rc3
Rae8 21. Rg3 Qe5 22. Qxa7 Qxb2 23. Rb3 Qe2 24. Rfb1 b6 25. a4 Qc4 26. Rb5 Re1+
27. Rxe1 Rxe1+ 28. Kh2 {White resigns} 0-1

[Event "Team 45 45 League T36"]
[Site "Internet Chess Club"]
[Date "2008.02.15"]
[Round "4"]
[White "rayonline53"]
[Black "jazzyrick"]
[Result "1-0"]
[WhiteElo "1650"]
[BlackElo "1556"]
[Opening "Sicilian: Najdorf, Byrne (English) attack"]
[ECO "B90"]
[Time "15:04:48"]
[TimeControl "2700+45"]

1. e4 c5 2. Nf3 d6 3. d4 cxd4 4. Nxd4 Nf6 5. Nc3 a6 6. Be3 e5 7. Nb3 Be6 8. Be2
Be7 9. Qd2 d5 10. exd5 Nxd5 11. Nxd5 Qxd5 12. O-O Nc6 13. Rfd1 Rd8 14. Qc3 Qe4
15. Bf3 Qc4 16. Rxd8+ Nxd8 17. Qxc4 Bxc4 18. Na5 b5 19. Nxc4 bxc4 20. Rd1 O-O
21. Rd7 Bf6 22. c3 Ne6 23. Bd5 Rc8 24. Bb7 Rc7 25. Rxc7 Nxc7 26. Bb6 Bd8 27.
Bxc7 Bxc7 28. Bxa6 Kf8 29. Bxc4 Ke7 30. f3 f6 31. Kf1 h6 32. Ke2 e4 33. h3 exf3+
34. Kxf3 Kd6 35. Ke4 Kc5 36. Bd3 g5 37. g4 Be5 38. Kf5 {Black resigns} 1-0

[Event "Team 45 45 League T36"]
[Site "Internet Chess Club"]
[Date "2008.02.18"]
[Round "4"]
[White "Sir-Anthony"]
[Black "vaknight"]
[Result "0-1"]
[WhiteElo "1348"]
[BlackElo "1541"]
[Opening "Dutch defense"]
[ECO "A84"]
[Time "19:02:19"]
[TimeControl "2700+45"]

1. c4 f5 2. d4 Nf6 3. Bg5 e6 4. Bxf6 Qxf6 5. e3 Bb4+ 6. Nc3 c5 7. Nf3 Nc6 8. Be2
O-O 9. O-O a6 10. a3 cxd4 11. exd4 Ba5 12. b4 Bb6 13. c5 Bc7 14. Qd2 h6 15. b5
Ne7 16. b6 Bb8 17. Bc4 d5 18. Bb3 Nc6 19. Ne2 g5 20. Ne1 Kh8 21. Nc2 Ne7 22. f4
Rg8 23. Rf2 Ng6 24. Raf1 Bd7 25. a4 Bc6 26. Ne1 Nxf4 27. Nxf4 Bxf4 28. Qd3 e5
29. dxe5 Qxe5 30. Nf3 Qe3 31. Qd4+ Qxd4 32. Nxd4 Be3 33. Nxf5 Bxf2+ 34. Rxf2
Raf8 35. Bc2 Rf6 36. Nd6 Rxf2 37. Kxf2 Rf8+ 38. Kg1 Kg7 39. a5 Kf6 40. g4 Ke5
41. Nf5 Rf6 42. Kf2 d4 43. Ke2 Kd5 44. Ne7+ Kxc5 45. Nxc6 Kxc6 46. Ba4+ Kc5 47.
Kd3 Kb4 48. Bd7 Kxa5 49. Kxd4 Kxb6 50. Bf5 Kc7 51. Ke5 Rd6 {White resigns} 0-1

[Event "Team 45 45 League T36"]
[Site "Internet Chess Club"]
[Date "2008.02.19"]
[Round "4"]
[White "dscvdchk"]
[Black "b-spot"]
[Result "0-1"]
[WhiteElo "1520"]
[BlackElo "1745"]
[Opening "Queen's pawn game"]
[ECO "E00"]
[Time "19:00:36"]
[TimeControl "2700+45"]

1. d4 Nf6 2. c4 e6 3. a3 d5 4. Nc3 c6 5. Bg5 h6 6. Bh4 dxc4 7. e4 g5 8. Bg3 b5
9. e5 Nd5 10. Nge2 Qa5 11. Rc1 h5 12. h4 g4 13. Bf4 Nxf4 14. Nxf4 Bh6 15. g3 Bb7
16. Bg2 Nd7 17. O-O O-O-O 18. Ne4 Nxe5 19. d5 cxd5 20. Nf6 Bxf4 21. gxf4 Nd3 22.
Rc2 Rh6 23. Nxg4 hxg4 24. Qxg4 Rdh8 25. Qg7 Qc7 26. Rd1 Nxf4 {White resigns} 0-1

[Event "Team 45 45 League T36"]
[Site "Internet Chess Club"]
[Date "2008.02.15"]
[Round "4"]
[White "tammany"]
[Black "rd00d"]
[Result "1-0"]
[WhiteElo "1608"]
[BlackElo "1392"]
[Opening "Old Benoni defense"]
[ECO "A43"]
[Time "22:02:01"]
[TimeControl "2700+45"]

1. d4 c5 2. d5 d6 3. e4 Nf6 4. Bd3 e6 5. c4 e5 6. h3 Be7 7. f4 exf4 8. Bxf4 O-O
9. Nf3 a6 10. a4 a5 11. O-O Na6 12. e5 dxe5 13. Nxe5 Bd6 14. Nc3 Re8 15. Nxf7
Kxf7 16. Bxd6 Qxd6 17. Qh5+ Kg8 18. Rxf6 Qxf6 19. Qxe8+ Qf8 20. Bxh7+ {Black
resigns} 1-0